 Dungeon Crawl Stone Soup version 0.22.1-2-g9c5b331 (webtiles) character file.

9949 Doobh the Nimble (level 11, -14/64 HPs)
             Began as a Kobold Enchanter on Sept 4, 2018.
             Was a Believer of Dithmenos.
             Demolished by an ogre
             ... wielding a +0 giant club
             ... led by an orc warlord
              (26 damage)
             ... on level 10 of the Dungeon on Jan 1, 2019.
             The game lasted 02:03:21 (18129 turns).

Doobh the Nimble (Kobold Enchanter)                Turns: 18129, Time: 02:03:22

Health: -14/64     AC:  6    Str:  5    XL:     11   Next: 83%
Magic:  23/23      EV: 24    Int: 19    God:    Dithmenos [**....]
Gold:   536        SH:  0    Dex: 19    Spells: 22/27 levels left

rFire    + . .     SeeInvis .   H - +0 dagger "Dragon's Tongue" {pain, rF+ rN+ Dex+2} (curse)
rCold    . . .     Gourm    .   (shield restricted)
rNeg     + . .     Faith    .   L - +1 robe {MR+}
rPois    .         Spirit   .   c - +1 helmet
rElec    .         Reflect  .   e - scarf {repulsion}
rCorr    .         Harm     .   t - +0 pair of gloves
MR       +....                  (no boots)
Stlth    +++++++...             (no amulet)
HPRegen  0.20/turn              m - ring of flight
MPRegen  0.18/turn              I - ring of stealth

@: hasted, wreathed by umbra, repel missiles, very quick
A: small, carnivore
a: Shadow Step, Renounce Religion, Evoke Flight


You were on level 10 of the Dungeon.
You worshipped Dithmenos.
Dithmenos was pleased with you.
You were completely stuffed.

You visited 3 branches of the dungeon, and saw 12 of its levels.

You collected 753 gold pieces.
You spent 217 gold pieces at shops.

Inventory:

Hand Weapons
 b - the +1 dagger "Xyshrug" {drain, rC+ rN+ Str-2}
   (You found it on level 7 of the Dungeon)

   A truly terrible weapon, it drains the life of those it strikes.
   It affects your strength (-2).
   It protects you from cold.
   It protects you from negative energy.
 k - a +2 hunting sling of velocity
 o - a +3 dagger of speed
 H - the cursed +0 dagger "Dragon's Tongue" (weapon) {pain, rF+ rN+ Dex+2}
   (You bought it in a shop on level 7 of the Dungeon)

   In the hands of one skilled in necromantic magic, it inflicts extra damage on
   living creatures.
   It affects your dexterity (+2).
   It protects you from fire.
   It protects you from negative energy.
   It has a curse placed upon it.
 K - the +2 whip "Conservator" {slash, rElec rC+ Dex+2, unknown}
   (You found it on level 9 of the Dungeon)

   It inflicts extra damage upon your enemies.
   It affects your dexterity (+2).
   It protects you from cold.
   It insulates you from electricity.
 T - a +1 dagger of flaming
Missiles
 j - 189 stones (quivered)
 l - 74 poisoned needles
 y - 20 sling bullets
 S - 8 tomahawks of returning
Armour
 c - a +1 helmet (worn)
 e - a scarf of repulsion (worn)
 t - a +0 pair of gloves (worn)
 w - a scarf of resistance
 L - a +1 robe of magic resistance (worn)
 N - a +1 robe of positive energy
Magical Staves
 O - an uncursed staff of power {unknown}
Jewellery
 a - an uncursed ring of fire
 m - a ring of flight (left hand)
 I - a ring of stealth (right hand)
Wands
 u - a wand of iceblast (5)
 z - a wand of polymorph (4)
 J - a wand of disintegration (15)
 M - a wand of flame (83)
 Q - a wand of enslavement (6)
Scrolls
 f - 3 scrolls of remove curse
 h - a scroll of teleportation
 n - 6 scrolls of amnesia
 p - 2 scrolls of fear
 q - 4 scrolls of magic mapping
 r - 2 scrolls of enchant weapon
 s - 4 scrolls of enchant armour
 v - a scroll of random uselessness {unknown}
 B - a scroll of acquirement {unknown}
 C - a scroll of noise {unknown}
Potions
 g - 3 potions of flight
 i - a potion of haste
 x - a potion of might {unknown}
 A - a potion of degeneration {unknown}
 D - 4 potions of brilliance
 E - a potion of mutation
 P - a potion of invisibility {unknown}
Miscellaneous
 F - a lamp of fire
 G - a phial of floods
Comestibles
 d - 24 rations
 R - 15 chunks of flesh


   Skills:
 + Level 5.7 Fighting
 - Level 10.0 Short Blades
 + Level 10.4 Dodging
 - Level 10.0 Stealth
 + Level 8.9 Spellcasting
 - Level 6.1 Hexes
 - Level 4.1 Ice Magic


You had 22 spell levels left.
You knew the following spells:

 Your Spells              Type           Power        Failure   Level  Hunger
a - Confuse               Hex            ####....     1%          3    None
b - Ensorcelled Hibernat  Hex/Ice        ####..       1%          2    None

Your spell library contained the following spells:

 Spells                   Type           Power        Failure   Level  Hunger
 Corona                   Hex            ####...      1%          1    None
 Tukima's Dance           Hex            ####....     1%          3    None
 Dazzling Spray           Conj/Hex       ###...       7%          3    None


Dungeon Overview and Level Annotations

Branches:
Dungeon (10/15)            Temple (1/1) D:7             Orc (1/2) D:10
   Lair: D:8-11

Altars:
Ashenzari
Cheibriados
Dithmenos
Elyvilon
Fedhas
Gozag
Hepliaklqana
Kikubaaqudgha
Makhleb
Nemelex Xobeh
Okawaru
Qazlal
Ru
Sif Muna
Trog
Uskayaw
Vehumet
Wu Jian
Xom
Yredelemnul
Zin
The Shining One

Shops:
D:7 (

Portals:
Trove: D:10 (give +5 fire dragon scales)

Annotations:
D:4 Blork the orc


Innate Abilities, Weirdness & Mutations

You are small and have problems with some larger weapons.
You are carnivorous and can eat meat at any time.


Message History

There is a staircase to the Orcish Mines, spattered with blood here.
You start resting.
Eating one of 16 chunks of flesh.
You eat one of the 16 chunks of flesh.
This raw flesh tastes great.
Magic restored.
You climb downwards.
Welcome back to the Orcish Mines! 3 wraiths come into view.
The orc warrior hits you with a mace! The ogre misses you. The warg bites you!
The orc warrior hits you with a mace!
* * * LOW HITPOINT WARNING * * *
The warg misses you.
The wraith moves out of view. x2
There is a staircase back to the Dungeon, spattered with blood here.
You see here a tomahawk.
The ogre misses you. The warg completely misses you.
The orc wizard begins to cast a cantrip, but forgets the words!
You climb upwards.
Welcome back to the Dungeon!
There is a staircase to the Orcish Mines, spattered with blood here.
You feel yourself speed up. The orc warrior hits you with a mace!
* * * LOW HITPOINT WARNING * * *
The ogre hits you with a giant club!!
You die...

.#.###...#....#.......)[##.......
#.#.##...#....#.......[##....####
.#.#.....#....#.....####.....#
#.###....#....#.....# #..[...#
.##......#....#.....####.)(..###
.........#....#....##.#........#
.........#....######.#.........#
.........#....#..h#8#..........#
.........######.@O[.....(......#
..............#o.)#8...........#
............##########.........##
............# #.##............
####........# #..##...........
...###'##...# #...###...###...
........#...# #....##.### #...
.......<#<..# #.....##.# #...
........#(..# #.....#### #...


You could see a warg, an orc warrior and an ogre.

Vanquished Creatures
  Erolcha (D:10)
  A two-headed ogre (D:7)
  A deep elf mage (D:10)
  A queen bee (D:10)
  2 hippogriffs
  A spriggan (D:9)
  A wyvern (D:9)
  6 yaks
  A warg (D:10)
  11 orc warriors (D:10)
  5 ice beasts
  2 sky beasts
  7 ogres
  A phantom (D:8)
  6 centaurs
  A crocodile (D:10)
  A big kobold (D:9)
  6 bullfrogs
  A gnoll sergeant (D:6)
  2 wyvern skeletons
  5 scorpions
  A water moccasin skeleton (D:4)
  17 killer bees
  A howler monkey (D:5)
  10 wights
  A crimson imp (D:5)
  A quasit (D:6)
  A centaur zombie (D:5)
  7 hounds
  3 jellies
  9 orc wizards
  Crazy Yiuf (D:3)
  2 orc priests
  5 bullfrog skeletons
  Ijyb (D:5)
  3 iguanas
  6 worker ants
  2 hound skeletons
  2 worker ant zombies (D:8)
  Robin (D:2)
  4 gnolls
  6 adders
  3 shadow imps
  An ooze (D:3)
  An adder zombie (D:5)
  An adder skeleton (D:4)
  2 worms (D:3)
  2 dart slugs
  7 leopard geckos
  52 orcs
  4 giant cockroaches
  14 goblins
  14 hobgoblins
  10 jackals
  8 kobolds
  8 quokkas
  A ball python (D:2)
  6 bats
  5 frilled lizards
  A quokka zombie (D:5)
  7 rats
294 creatures vanquished.

Notes
Turn   | Place    | Note
-------+----------+-------------------------------------------
     0 | D:1      | Doobh the Kobold Enchanter began the quest for the Orb.
     0 | D:1      | Reached XP level 1. HP: 10/10 MP: 3/3
   360 | D:1      | Reached XP level 2. HP: 12/16 MP: 3/5
   585 | D:1      | Learned a level 2 spell: Ensorcelled Hibernation
   822 | D:1      | Reached skill level 1 in Fighting
   822 | D:1      | Reached XP level 3. HP: 11/20 MP: 0/6
  1960 | D:2      | Reached XP level 4. HP: 22/25 MP: 0/7
  2656 | D:2      | Reached XP level 5. HP: 30/30 MP: 3/9
  3146 | D:3      | Noticed Robin
  3893 | D:2      | Killed Robin
  4565 | D:4      | Noticed an ogre
  4575 | D:4      | Killed an ogre
  4575 | D:4      | Reached skill level 5 in Stealth
  4575 | D:4      | Reached XP level 6. HP: 37/37 MP: 1/10
  4799 | D:5      | Entered Level 5 of the Dungeon
  4886 | D:3      | Learned a level 3 spell: Confuse
  5189 | D:3      | Reached XP level 7. HP: 36/41 MP: 6/11
  5337 | D:3      | Found a runed door.
  5504 | D:3      | Noticed Crazy Yiuf
  5508 | D:3      | Killed Crazy Yiuf
  5769 | D:4      | Noticed Blork the orc
  6033 | D:4      | Reached skill level 1 in Ice Magic
  6083 | D:4      | Found an iron altar of Okawaru.
  7370 | D:5      | Reached XP level 8. HP: 42/48 MP: 7/13
  7977 | D:5      | Got a black opal-encrusted leather armour
  7991 | D:5      | Identified the +0 leather armour of Disguise {rC+++ Str-5
                  | Dex-5 Slay+5} (You found it on level 5 of the Dungeon)
  7991 | D:5      | Lost strength.
  8292 | D:5      | Noticed Ijyb
  8299 | D:5      | Killed Ijyb
  8461 | D:5      | Reached skill level 5 in Short Blades
  8461 | D:5      | Reached skill level 5 in Hexes
  8475 | D:5      | Reached skill level 5 in Dodging
  8788 | D:6      | Reached XP level 9. HP: 42/52 MP: 4/15
  9689 | D:6      | Reached skill level 5 in Spellcasting
 11152 | D:7      | Got a scorched dagger
 11153 | D:7      | Identified the cursed +1 dagger "Xyshrug" {drain, rC+ rN+
                  | Str-2} (You found it on level 7 of the Dungeon)
 11199 | D:7      | Found a staircase to the Ecumenical Temple.
 11205 | Temple   | Entered the Ecumenical Temple
 11226 | Temple   | Became a worshipper of Dithmenos the Shadowed
 11316 | D:7      | Reached XP level 10. HP: 52/56 MP: 13/18
 11367 | D:7      | Found Ahisi's Antique Weapon Emporium.
 11375 | D:7      | Bought an ichor-stained dagger for 217 gold pieces
 11404 | D:7      | Identified the cursed +0 dagger "Dragon's Tongue" {pain,
                  | rF+ rN+ Dex+2} (You bought it in a shop on level 7 of the
                  | Dungeon)
 11917 | D:8      | Upgraded the game from 0.22.0-49-gab54619 to
                  | 0.22.1-2-g9c5b331
 11918 | D:8      | Noticed a two-headed ogre
 11961 | D:7      | Killed a two-headed ogre
 12429 | D:8      | Found a basalt altar of Yredelemnul.
 12606 | D:8      | Reached skill level 10 in Stealth
 12760 | D:8      | Reached * piety under Dithmenos
 12798 | D:8      | Found a white marble altar of Elyvilon.
 13961 | D:9      | Found an ornate altar of the Wu Jian Council.
 13996 | D:9      | Found a burning altar of Makhleb.
 14017 | D:9      | Got a translucent whip
 14632 | D:9      | Noticed a skeletal warrior
 14632 | D:9      | Noticed a skeletal warrior
 15087 | D:10     | Entered Level 10 of the Dungeon
 15087 | D:10     | Noticed Erolcha
 15091 | D:10     | Killed Erolcha
 15091 | D:10     | Reached XP level 11. HP: 61/61 MP: 22/22
 15222 | D:9      | Reached skill level 10 in Short Blades
 16020 | D:10     | Noticed a deep elf mage
 16029 | D:10     | Killed a deep elf mage
 16217 | D:10     | Found a portal to a secret trove of treasure.
 16294 | D:10     | Reached ** piety under Dithmenos
 16294 | D:10     | Reached skill level 5 in Fighting
 16294 | D:10     | Reached skill level 10 in Dodging
 16762 | D:10     | Found a staircase to the Orcish Mines.
 16955 | Orc:1    | Entered Level 1 of the Orcish Mines
 17434 | Orc:1    | Noticed an orc knight
 17434 | Orc:1    | Noticed an orc sorcerer
 18096 | Orc:1    | Noticed an orc warlord
 18129 | D:10     | Demolished by an ogre

Skill      XL: |  1  2  3  4  5  6  7  8  9 10 11 |
---------------+----------------------------------+-----
Fighting       | 1 2 3 4 5 |  5.7
Short Blades   | 2 3 4 5 7 9 10 | 10.0
Dodging        | 3 4 5 6 9 10 | 10.4
Stealth        | 5 6 7 8 10 | 10.0
Spellcasting   | 3 4 5 7 8 |  8.9
Hexes          | 4 5 6 |  6.1
Ice Magic      | 2 4 |  4.1

Action                   |  1- 3 |  4- 6 |  7- 9 | 10-12 || total
-------------------------+-------+-------+-------+-------++-------
Melee: Dagger            |   141 |   105 |   357 |   400 ||  1003
 Fire: Hunting sling     |       |    20 |    14 |       ||    34
Throw: Stone             |     7 |    16 |    24 |    64 ||   111
       Tomahawk          |       |       |       |     3 ||     3
 Cast: Corona            |     5 |       |       |       ||     5
       Ensorcelled Hiber |    23 |    43 |    96 |   181 ||   343
       Confuse           |       |       |    28 |    29 ||    57
  Use: Scroll            |       |     5 |     8 |     7 ||    20
       Potion            |       |       |     6 |     3 ||     9
 Stab: Sleeping          |    16 |    32 |    53 |   111 ||   212
       Confused          |       |       |    13 |    10 ||    23
       Distracted        |       |       |     1 |       ||     1
  Eat: Chunk             |    13 |    13 |    22 |    23 ||    71
Armor: Robe              |    25 |    18 |    30 |    24 ||    97
Dodge: Dodged            |   119 |   124 |   264 |   353 ||   860
       Deflected         |       |       |       |    10 ||    10
